 Dungeon Crawl Stone Soup version 0.24-a0-246-gb963c9a (webtiles) character file.

Game seed: 11458892441145252433

228 Hylith the Skirmisher (level 5, -3/42 HPs)
             Began as a Demonspawn Fighter on Apr 12, 2019.
             Slain by a gnoll
             ... wielding a +0 spear
              (6 damage)
             ... on level 3 of the Dungeon.
             The game lasted 00:04:03 (1641 turns).

Hylith the Skirmisher (Demonspawn Fighter)          Turns: 1641, Time: 00:04:03

Health: -3/42      AC: 10    Str: 18    XL:     5   Next: 70%
Magic:  5/5        EV:  7    Int:  9    God:
Gold:   85         SH:  9    Dex: 12    Spells: 4/4 levels left

rFire    + . .     SeeInvis .   a - +0 flail
rCold    . . .     Gourm    .   c - +0 shield
rNeg     . . .     Faith    .   b - +0 scale mail
rPois    .         Spirit   .   (helmet restricted)
rElec    .         Reflect  .   (no cloak)
rCorr    .         Harm     .   p - +2 pair of gloves
MR       .....                  (no boots)
Stlth    ..........             o - amulet of rage
HPRegen  0.14/turn              (no ring)
MPRegen  0.09/turn              (no ring)

@: no status effects
A: horns 1, talons 1, fire resistance 1, flame cloud immunity
a: Evoke Berserk Rage


You were on level 3 of the Dungeon.
You were not hungry.

You visited 1 branch of the dungeon, and saw 3 of its levels.

You collected 85 gold pieces.

Inventory:

Hand Weapons
 a - a +0 flail (weapon)
Armour
 b - a +0 scale mail (worn)
 c - a +0 shield (worn)
 p - a +2 pair of gloves (worn)
Jewellery
 o - an amulet of rage (around neck)
 r - an uncursed ring of ice {unknown}
Scrolls
 e - 3 scrolls of identify {unknown}
 i - a scroll of noise {unknown}
 j - 3 scrolls of blinking {unknown}
 l - a scroll of enchant armour {unknown}
 n - a scroll of enchant weapon {unknown}
Potions
 d - a potion of might
 g - a potion of haste {unknown}
 h - a potion of degeneration {unknown}
 m - a potion of heal wounds {unknown}
 q - 2 potions of flight {unknown}
 s - a potion of brilliance {unknown}
Comestibles
 f - 4 rations
 k - 10 chunks of flesh


   Skills:
 + Level 4.1 Fighting
 + Level 3.1 Maces & Flails
 + Level 3.7 Armour
 + Level 3.7 Shields


You had 4 spell levels left.
You didn't know any spells.
Your spell library was empty.

Dungeon Overview and Level Annotations

Branches:
Dungeon (3/15)

Altars:


Innate Abilities, Weirdness & Mutations

You have a pair of small horns on your head.
You have sharp toenails.
Your flesh is heat resistant. (rF+)
You are immune to clouds of flame.


Message History

You barely miss the gnoll. Your kick misses the gnoll.
An ooze comes into view.
The gnoll barely misses you. The gnoll completely misses you.
You closely miss the gnoll.
The ooze quivers.
The gnoll hits you with a +2 whip of flaming.
* * * LOW HITPOINT WARNING * * *
The gnoll burns you.
* * * LOW HITPOINT WARNING * * *
The gnoll hits you but does no damage. You block the gnoll's attack.
Your shield and scale mail prevent you from hitting the gnoll.
You claw the gnoll, but do no damage. The gnoll completely misses you.
The gnoll hits you but does no damage. x2
Unknown command.
You closely miss the gnoll. You claw the gnoll.
The gnoll is heavily wounded.
An orc comes into view.
You block the gnoll's attack.
The gnoll hits you from afar with a +0 spear.
You die...

#.#.#)#รท#.#.#..
........
#.#.#.#.#.#.#.##
###....
#.#.#.#.#.#.#.#.#
#....
#.#.#.#.#.#.#.#.###
#....
.#.#.#.#.#.#.#.#..
#....
+#.#.#.#.#.#.#.#####
#....
#.#.#.#.#.#.#.#....#
#....
+#.#.#.#.#.#.#.##
#....
.#.#.#.#.#@#.#+#...
#.....
+#.#.#.#g#.........
......
.#.#.#g#)#o..%....
......
+#.#J#)#.........
..... .#.#.#
#.#...... #.#.#
.#'...... #.#o# #
#...### +#.# ...#
#.# ..#


You could see 2 gnolls, an ooze and an orc (wandering).

Vanquished Creatures
  An orc wizard (D:3)
  Natasha (twice) (D:3)
  A hound zombie (D:3)
  2 gnolls
  6 adders
  An ooze (D:1)
  2 worms
  A leopard gecko (D:3)
  4 orcs
  A giant cockroach (D:2)
  5 hobgoblins
  2 quokkas
  2 ball pythons
  7 bats
  2 frilled lizards (D:1)
  8 goblins
  5 kobolds
  2 rats (D:1)
54 creatures vanquished.

Notes
Turn   | Place    | Note
-------+----------+-------------------------------------------
     0 | D:1      | Hylith the Demonspawn Fighter began the quest for the Orb.
     0 | D:1      | Reached XP level 1. HP: 18/18 MP: 1/1
    34 | D:1      | Gained mutation: Your flesh is heat resistant. (rF+)
                  | [demonic ancestry]
    34 | D:1      | Reached XP level 2. HP: 13/24 MP: 2/2
   224 | D:1      | HP: 1/24 [kobold/+0 whip (4)]
   744 | D:1      | Gained mutation: You have a pair of small horns on your
                  | head. [demonic ancestry]
   744 | D:1      | Reached XP level 3. HP: 29/29 MP: 3/3
  1148 | D:2      | Gained mutation: You are immune to clouds of flame.
                  | [demonic ancestry]
  1148 | D:2      | Reached XP level 4. HP: 23/35 MP: 4/4
  1518 | D:3      | Noticed Natasha
  1528 | D:3      | Killed Natasha
  1528 | D:3      | Gained mutation: You have sharp toenails. [demonic
                  | ancestry]
  1528 | D:3      | Reached XP level 5. HP: 36/42 MP: 5/5
  1530 | D:3      | Noticed Natasha
  1536 | D:3      | Killed Natasha
  1600 | D:3      | Reached skill level 4 in Fighting
  1641 | D:3      | Slain by a gnoll

Levels and vault maps discovered:
D:1:      erik_arrival_blinker_ship, layout_basic
D:2:      layout_rooms, first_ration
D:3:      layout_basic, uniq_natasha

Skill      XL: |  1  2  3  4  5 |
---------------+----------------+-----
Maces & Flails | 2 3 |  3.1
Armour         | 3 |  3.7
Shields        | 3 |  3.7
Fighting       | 4 |  4.1

Action                   |  1- 3 |  4- 6 || total
-------------------------+-------+-------++-------
Melee: Flail             |   119 |    86 ||   205
       Headbutt          |     7 |     8 ||    15
       Kick              |       |    11 ||    11
  Eat: Chunk             |     1 |     2 ||     3
Armor: Scale mail        |    65 |    33 ||    98
Dodge: Dodged            |    42 |    22 ||    64
Block: Shield            |    57 |    47 ||   104

Table legend:
 A = Non-vault XP
 B = Vault XP
 C = Vault XP percentage of total XP
 D = Non-vault monster count
 E = Vault monster count
 F = Vault count percentage of total count
                 A         B        C        D         E       F
            +---------+---------+-------+---------+---------+-------
      Total |     291 |      35 |  10.7 |      53 |       1 |   1.9
            +---------+---------+-------+---------+---------+-------
        D:1 |      43 |       0 |   0.0 |      18 |       0 |   0.0
        D:2 |     100 |       0 |   0.0 |      21 |       0 |   0.0
        D:3 |     148 |      35 |  19.1 |      14 |       1 |   6.7
            +---------+---------+-------+---------+---------+-------
